 Dungeon Crawl Stone Soup version 0.18-b1-22-ge198996 (webtiles) character file.

109 manyhoops the Chucker (level 4, 0/72 HPs)
             Began as an Ogre Hunter on May 4, 2016.
             Succumbed to an adder's poison
             ... on level 2 of the Dungeon.
             The game lasted 00:03:58 (1878 turns).

manyhoops the Chucker (Ogre Hunter)                 Turns: 1878, Time: 00:03:59

Health: 0/72       AC:  6    Str: 23    XL:     4   Next: 90%
Magic:  4/4        EV: 10    Int: 10    God:
Gold:   27         SH:  0    Dex: 10    Spells: 0 memorised, 3 levels left

rFire  . . .     SeeInvis .     p - +0 mace
rCold  . . .     Gourm    .     b - +0 robe
rNeg   . . .     Faith    .     (no shield)
rPois  .         Spirit   .     (helmet restricted)
rElec  .         Dismiss  .     m - +2 cloak {+Inv}
rCorr  .         Reflect  .     (gloves unavailable)
SustAt .         Harm     .     (boots unavailable)
MR     .....                    (no amulet)
Stlth  ..........               (no ring)
                                k - ring of wizardry

@: berserking, lethally poisoned (0 -> -8), very quick, not resistant to hostile
enchantments, extremely unstealthy
A: unfitting armour, tough skin 1
a: Evoke Invisibility


You were on level 2 of the Dungeon.
You were not hungry.

You visited 1 branch of the dungeon, and saw 2 of its levels.

You collected 27 gold pieces.

Inventory:

Hand Weapons
 p - a +0 mace (weapon)
Missiles
 c - 4 large rocks (quivered)
 d - 2 throwing nets
 l - 11 poisoned needles
Armour
 b - a +0 robe (worn)
 m - a +2 cloak of invisibility (worn)
Jewellery
 k - a ring of wizardry (left hand)
Scrolls
 e - 3 scrolls of remove curse {unknown}
 h - 2 scrolls of identify {unknown}
 j - a scroll of magic mapping {unknown}
Potions
 a - a potion of mutation {unknown}
 g - a potion of berserk rage
 i - a potion of resistance {unknown}
 n - a potion of curing {unknown}
 o - a potion of flight {unknown}
Comestibles
 f - 3 bread rations


   Skills:
 + Level 4.0 Fighting
 * Level 1.3 Maces & Flails
 + Level 4.9 Throwing
 - Level 2.6 Dodging
 - Level 0.7 Stealth


You had 3 spell levels left.
You didn't know any spells.

Dungeon Overview and Level Annotations

Branches:
Dungeon (2/15)

Altars:
Okawaru

Annotations:
D:2 Natasha


Innate Abilities, Weirdness & Mutations

You are too large for most types of armour.
You have tough skin (AC +1).


Message History

The adder poisons you! The goblin hits you but does no damage.
Unknown command.
It was a potion of berserk rage.
A red film seems to cover your vision as you go berserk!
You feel yourself moving faster!
You feel mighty!
* * * LOW HITPOINT WARNING * * *
You feel sick. The goblin closely misses you.
The adder bites you but does no damage.
You sock the adder!
You kill the adder!
Your Fighting skill increases to level 4!
* * * LOW HITPOINT WARNING * * *
You feel sick. The goblin hits you but does no damage.
The goblin completely misses you.
You closely miss the goblin.
* * * LOW HITPOINT WARNING * * *
You feel sick. The goblin hits you but does no damage.
The goblin barely misses you.
You closely miss the goblin.
You die...

#..# # #..# # ##.###
###.... #......
######## #.....#
###......######.....#
###≈≈..(≈≈(.(.........#
#≈≈≈≈.@g≈≈≈≈#####.....#
#≈≈≈##g†'##≈≈≈≈≈
####### #≈≈
#.....#≈≈≈≈≈≈
#.....#.g...≈≈≈
#.....#...g..≈≈
#...!.##+##..≈≈ #.....#
..≈≈ #..(..#


You could see 2 goblins.

Vanquished Creatures
  Crazy Yiuf (D:2)
  4 adders (D:2)
  A worm (D:2)
  2 dart slugs (D:1)
  A giant gecko (D:1)
  A ball python (D:1)
  4 giant cockroaches
  7 goblins
  3 hobgoblins
  4 bats (D:1)
  A giant newt (D:1)
  2 kobolds (D:1)
  7 rats
38 creatures vanquished.

Notes
Turn   | Place    | Note
--------------------------------------------------------------
     0 | D:1      | manyhoops the Ogre Hunter began the quest for the Orb.
     0 | D:1      | Reached XP level 1. HP: 22/22 MP: 1/1
   195 | D:1      | Reached XP level 2. HP: 23/29 MP: 2/2
   546 | D:1      | Reached XP level 3. HP: 34/36 MP: 3/3
   945 | D:2      | Found a faded altar to an unknown god.
  1286 | D:2      | Noticed Natasha
  1422 | D:2      | Reached XP level 4. HP: 33/45 MP: 4/4
  1731 | D:2      | Found an iron altar of Okawaru.
  1767 | D:2      | Noticed Crazy Yiuf
  1773 | D:2      | Killed Crazy Yiuf
  1773 | D:2      | Reached skill level 1 in Maces & Flails
  1874 | D:2      | HP: 2/48 [adder (5)]
  1878 | D:2      | Succumbed to an adder's poison

Skill      XL: |  1  2  3  4 |
---------------+-------------+-----
Dodging        | 2 |  2.6
Fighting       | 3 4 |  4.0
Maces & Flails | 1 |  1.3
Throwing       | |  4.9
Stealth        | |  0.7

Action                   |  1- 3 |  4- 6 || total
-------------------------+-------+-------++-------
Melee: Short sword       |   102 |       ||   102
       Club              |    32 |    15 ||    47
       Mace              |       |    19 ||    19
Throw: Large rock        |     9 |    10 ||    19
  Use: Potion            |       |     1 ||     1
 Stab: Distracted        |     1 |       ||     1
  Eat: Chunk             |     2 |     1 ||     3
Armor: Robe              |    60 |    26 ||    86
Dodge: Dodged            |    82 |    42 ||   124
